 Dungeon Crawl Stone Soup version 0.32-a0-616-g9348d4545b (webtiles) character file.

Game seed: 15138284800503481845

62 Sabo the Charlatan (level 3, -5/28 HPs)
             Began as a Mountain Dwarf Artificer on Mar 5, 2024.
             Slain by an ogre
             ... wielding a +0 giant spiked club
              (8 damage)
             ... on level 3 of the Dungeon.
             The game lasted 00:11:44 (1994 turns).

Sabo the Charlatan (Mountain Dwarf Artificer)       Turns: 1994, Time: 00:11:44

Health: -5/28      AC: 10    Str: 16    XL:     3   Next: 85%
Magic:  3/3        EV:  7    Int: 11    God:
Gold:   100        SH:  0    Dex: 10    Spells: 2/2 levels left

rFire   . . .        p - +0 war axe
rCold   . . .        (no shield)
rNeg    . . .        m - +0 chain mail
rPois   .            (no helmet)
rElec   .            (no cloak)
rCorr   .            a - +0 pair of gloves
SInv    .            (no boots)
Will    .....        (no amulet) Stlth
                     (no ring)
HPRegen 0.24/turn    (no ring)
MPRegen 0.08/turn

%: no passive effects
@: no status effects
A: runic magic, artefact enchanting
a: no special abilities


You were on level 3 of the Dungeon.
You visited 1 branch of the dungeon, and saw 3 of its levels.

You collected 100 gold pieces.

Inventory:

Hand Weapons
 i - a +0 orcbow
 p - a +0 war axe (weapon)
Missiles
 g - a throwing net
 k - 18 poisoned darts
Armour
 a - a +0 pair of gloves (worn)
 m - a +0 chain mail (worn)
Talismans
 l - a beast talisman
Wands
 c - a wand of flame (11) (quivered)
 d - a wand of charming (15)
 e - a wand of iceblast (5)
Scrolls
 b - a scroll of fog
 f - a scroll of identify
 j - 2 scrolls of summoning
 o - a scroll of fear
 q - a scroll of teleportation
 r - a scroll of noise {unknown}
Potions
 h - a potion of might
 n - 2 potions of curing


   Skills:
 + Level 1.5 Fighting
 + Level 1.2 Short Blades
 + Level 0.5(0.9) Axes
 + Level 1.0(1.1) Maces & Flails
 + Level 2.6 Armour
 + Level 1.0 Dodging
 + Level 0.9 Stealth
 + Level 3.9 Evocations


You had 2 spell levels left.
You didn't know any spells.
Your spell library contained the following spells:

 Spells                   Type           Power      Damage    Failure   Level
 Animate Armour           Summ/Erth      0%         N/A       100%        4
 Summon Lightning Spire   Summ/Air       0%         N/A       100%        4
 Lee's Rapid Deconstruct  Erth           0%         3d4*      100%        5


Dungeon Overview and Level Annotations

Branches:
Dungeon (3/15)

Altars:

Shops:
D:2 *:


Innate Abilities, Weirdness & Mutations

Your spellcasting is much less encumbered by armour.
You can use scrolls of enchantment on lesser artefacts.


Message History

You barely miss the hobgoblin.
The hobgoblin hits you but does no damage. x2
You hit the hobgoblin but do no damage. The hobgoblin barely misses you.
You slash the hobgoblin!
You kill the hobgoblin!
There is a stone staircase leading up here.
You see here a hobgoblin corpse.
Found a stone.
Found 5 stones.
Found 3 stones.
Found 8 gold pieces.
You now have 60 gold pieces (gained 8).
Found a scroll of summoning.
j - 2 scrolls of summoning (gained 1)
Found 11 gold pieces.
You now have 71 gold pieces (gained 11).
Found 6 poisoned darts.
k - 18 poisoned darts (gained 6)
A kobold comes into view. It is wielding a +0 short sword.
The kobold shouts!
Found 14 gold pieces.
The kobold hits you but does no damage.
You slash the kobold!
You kill the kobold!
Things that are here:
a +0 short sword; a stone
Found 15 gold pieces.
You now have 85 gold pieces (gained 14).
You now have 100 gold pieces (gained 15).
Things that are here:
a +0 short sword; a stone
Found a scroll labelled ZOPO TYRAIF.
r - a scroll labelled ZOPO TYRAIF An ogre comes into view.
It is wielding a +0 giant spiked club.
The ogre hits you with a +0 giant spiked club!!
Ouch! That really hurt!
* * * LOW HITPOINT WARNING * * *
You hit the ogre.
The ogre is lightly wounded.
The ogre hits you with a +0 giant spiked club!
You die...

############
#########
#..........#
......O@#
#.########.#
..#####.#
#.#........#
#.###.#.#####..#
#.......# #..#
#......## #..#
#......# #..#
#......# #..#
.#......# ###..#
#........#
#....#


You could see an ogre.

Vanquished Creatures
  An adder (D:2)
  2 ribbon worms (D:2)
  A dart slug (D:2)
  An orc (D:3)
  3 ball pythons (D:2)
  6 endoplasms
  4 giant cockroaches
  2 goblins (D:1)
  6 hobgoblins
  2 quokkas
  5 bats
  A frilled lizard (D:2)
  3 kobolds
  3 rats
40 creatures vanquished.

Notes
Turn   | Place    | Note
-------+----------+-------------------------------------------
     0 | D:1      | Sabo the Mountain Dwarf Artificer began the quest for the
                  | Orb.
     0 | D:1      | Reached XP level 1. HP: 16/16 MP: 1/1
   364 | D:1      | Reached XP level 2. HP: 23/23 MP: 2/2
  1035 | D:2      | Reached XP level 3. HP: 6/28 MP: 3/3
  1157 | D:2      | Reached skill level 1 in Maces & Flails
  1290 | D:2      | Reached skill level 1 in Short Blades
  1457 | D:2      | Reached skill level 1 in Dodging
  1649 | D:2      | Found Taduillicoe's Assorted Antiques.
  1690 | D:2      | Found Urip's Book Boutique.
  1992 | D:3      | Noticed an ogre
  1994 | D:3      | Slain by an ogre

Illustrated notes

Levels and vault maps discovered:
D:1:      lightli_arrival_flooded_house, layout_rooms
D:2:      layout_rooms, serial_shops, nicolae_shop_tiny_glass,
          nicolae_shop_pleasant_corner_grove, feat_on_display
D:3:      layout_basic, nicolae_twisty_statue_hallways, uniq_robin

Skill      XL: |  1  2  3 |
---------------+----------+-----
Maces & Flails | 1 |  1.0
Short Blades   | 1 |  1.2
Dodging        | 1 |  1.0
Fighting       | |  1.5
Axes           | |  0.5
Armour         | |  2.6
Stealth        | |  0.9
Evocations     | |  3.9

Action                     || total
---------------------------++-------
  Melee: Club              ||    70
         Short sword       ||   112
         War axe           ||    32
  Evoke: Wand              ||     4
    Use: Scroll            ||     9
 Armour: Leather armour    ||    64
         Chain mail        ||   136
  Dodge: Dodged            ||   107

Table legend: (Time is in decaauts)
 A = Elapsed time spent in this place.
 B = Non-inter-level travel time spent in this place.
 C = Inter-level travel time spent in this place.
 D = Time resting spent in this place.
 E = Time spent auto-exploring this place.
 F = Levels seen in this place.
 G = Mean time per level.
                   A        B        C        D        E       F      G
               +--------+--------+--------+--------+--------+-----+--------+
         Total |   2024 |   2024 |      0 |    521 |      0 |   3 |  674.7 |
       Dungeon |   2024 |   2024 |      0 |    521 |      0 |   3 |  674.7 |
               +--------+--------+--------+--------+--------+-----+--------+

Top non-repeatable levels by time:
     D:2: 1005 daAuts
     D:1: 811 daAuts
     D:3: 207 daAuts
